[Event "USA Championship Women 2022"]
[Site "Saint Louis"]
[Date "2022.10.17"]
[Round "11.6"]
[White "Yan, Ruiyang"]
[Black "Lee, Megan"]
[Result "1-0"]
[ECO "C54"]
[WhiteElo "2220"]
[BlackElo "2226"]
[Annotator "TA"]
[PlyCount "76"]
[EventDate "2022.09.05"]
[EventType "tourn"]
[EventCountry "USA"]
[SourceTitle "playchess.com"]
[Source "ChessBase"]
[SourceQuality "1"]
[TimeControl "40/5400+30:1800+30"]

1. e4 e5 2. Nf3 Nc6 3. Bc4 Bc5 4. c3 Nf6 5. d4 exd4 6. e5 d5 7. Bb5 Ne4 8. cxd4 Bb6 9. O-O O-O 10. Be3 {[%emt 0:05:32] is the legacy move (10.Nc3).} Ne7 {[%emt 0:09:24] C54: Giuoco Piano: 4 c3 Nf6, main lines with 5 d4 and 5 d3.} 11. Nbd2 {[%emt 0:04:15] [#]} Bg4 $146 ({Predecessor:} 11... Nf5 12. Bd3 Nxe3 13. fxe3 f5 14. Rc1 Be6 15. Nb3 Qe7 16. Qc2 Rac8 17. Nc5 c6 18. b4 Nxc5 19. bxc5 {1-0 (38) Mikalsen,E (2307)-Mihajlov,S (2371) Drammen 2018}) 12. Qc2 Nxd2 {[%emt 0:03:29] The position is equal.} 13. Nxd2 Nf5 14. h3 Bxd4 (14... Nxe3 $11 {remains equal.} 15. fxe3 Bh5) 15. Bf4 $16 (15. hxg4 Nxe3 16. fxe3 Bxe3+ 17. Rf2 Bxf2+ 18. Kxf2 Qh4+ 19. Kg1 Qxg4 $17) 15... Qh4 {[%emt 0:15:26][%cal Og4h3] White must now prevent ...Bxh3!} 16. hxg4 Qxg4 17. Bd7 (17. g3 $2 Nxg3 18. Qd3 Nxf1+ 19. Kxf1 Qxf4 $19) 17... Qxf4 18. Bxf5 g6 19. Bd3 ({Of course not} 19. Nf3 gxf5 20. Nxd4 Qxd4 $11) 19... Bxe5 20. g3 Qg4 21. Kg2 c6 22. Nf3 Bf6 23. Rh1 Rfe8 24. Rh6 {[%emt 0:02:25] Rah1 is the strong threat. White now steadily converts the win.} Kg7 25. Rah1 Rh8 26. Qc1 Kg8 27. b3 Bg7 28. R6h4 Qd7 29. g4 $36 {[%emt 0:09:01][%mdl 2048] Prevents h5. White is really pushing. White is much more active. The black rooks are badly placed.} f6 (29... h6 $16 {was necessary.}) 30. R1h3 Qf7 (30... Re8 $142 31. Qb1 Re7) 31. Qb1 {[%emt 0:03:14][%cal Oh4h7] Threatens to win with Rxh7!} Re8 $2 {[%emt 0:00:26] [#]} (31... Qe6 32. Qh1 (32. Bxg6 hxg6 33. Rxh8+ Bxh8 $18) 32... Kf7) 32. Rxh7 $3 $18 {[%emt 0:03:03][%mdl 512] White is clearly winning.} f5 {[%emt 0:02:22] [#]} (32... Rxh7 33. Bxg6) 33. gxf5 $1 gxf5 (33... Rxh7 34. fxg6) 34. Bxf5 Qf6 35. Rxh8+ Bxh8 36. Rg3+ Kf8 37. Rg6 Qb2 38. Qh1 {[%emt 0:01:25] Threatening mate with Qh6+.} Bf6 {[%emt 0:00:00] Weighted Error Value: White=0.10 (very precise) /Black=0.26 (precise)} 1-0

[Event "USA Championship Women 2022"]
[Site "Saint Louis"]
[Date "2022.10.17"]
[Round "11.7"]
[White "Wu, Rochelle"]
[Black "Zatonskih, Anna"]
[Result "1/2-1/2"]
[ECO "D36"]
[WhiteElo "2317"]
[BlackElo "2368"]
[Annotator "TA"]
[PlyCount "88"]
[EventDate "2022.09.05"]
[EventType "tourn"]
[EventCountry "USA"]
[SourceTitle "playchess.com"]
[Source "ChessBase"]
[SourceQuality "1"]
[TimeControl "40/5400+30:1800+30"]

1. d4 d5 2. c4 e6 3. Nc3 Nf6 4. cxd5 exd5 5. Bg5 c6 6. e3 Be7 7. Qc2 Nbd7 8. Nf3 Nh5 9. Bxe7 Qxe7 10. Be2 g6 11. O-O O-O 12. Rab1 {[%emt 0:01:36] D36: Queen's Gambit Declined: Exchange Variation: Main line (5 Bg5 c6 6 Qc2).} Nb6 13. Nd2 Ng7 14. b4 Bf5 15. Bd3 a6 16. a4 {[%emt 0:02:44] [#]} Rac8 $146 ({Predecessor:} 16... Rfc8 17. Bxf5 Nxf5 18. Qd3 Nd6 19. Rfe1 f5 20. h3 Ne4 21. a5 Nxd2 22. Qxd2 Nc4 {½-½ (22) Neininger,R-Meyer,F (2300) Germany 1994}) 17. Rfc1 Bxd3 18. Qxd3 Nf5 19. b5 axb5 20. axb5 c5 21. dxc5 Qxc5 22. Ne2 Qd6 23. Nd4 Nxd4 24. Qxd4 {[%emt 0:00:09] [#] Hoping for Ne4.} Rfd8 25. h4 h5 26. Rxc8 Nxc8 27. Rd1 Qb6 28. Qe5 Qd6 29. Qg5 {[%emt 0:05:03][%cal Od2e4] [#] And now Ne4! would win.} (29. Qb2 $5 ) 29... Qe7 {[%emt 0:04:00] Against Ne4. The position is equal.} 30. Ne4 Kg7 {[%emt 0:00:49] Inhibits Nf6. aiming for ...f6.} 31. Nc3 Qxg5 32. hxg5 $11 {[%emt 0:00:06][%mdl 4096] Endgame KRN-KRN} Nb6 33. Rd4 Rd7 34. Kf1 f6 35. gxf6+ Kxf6 36. Ke2 Ke6 37. Kd3 Rf7 38. f3 Rc7 39. Ne2 g5 {[%emt 0:04:05] Prevents Nf4+.} 40. Nc3 Rc5 41. Rb4 Rc8 42. Rd4 Rc5 43. Rb4 Rc8 44. Rd4 Rc5 {[%emt 0:03:44] An interesting draw.  Weighted Error Value: White=0.05 (flawless) /Black=0.04 (flawless)} 1/2-1/2

[Event "USA Championship Women 2022"]
[Site "Saint Louis"]
[Date "2022.10.18"]
[Round "12.1"]
[White "Foisor, Sabina-Francesca"]
[Black "Lee, Alice"]
[Result "1/2-1/2"]
[ECO "A06"]
[WhiteElo "2203"]
[BlackElo "2263"]
[Annotator "TA"]
[PlyCount "146"]
[EventDate "2022.09.05"]
[EventType "tourn"]
[EventCountry "USA"]
[SourceTitle "playchess.com"]
[Source "ChessBase"]
[SourceQuality "1"]
[TimeControl "40/5400+30:1800+30"]

1. Nf3 d5 2. e3 Nf6 3. b3 Bf5 4. Bb2 e6 5. Be2 h6 6. d3 {[%emt 0:02:10] A06: Réti Opening: 1 Nf3 d5.} Nbd7 7. Nbd2 c6 8. O-O Be7 9. a3 O-O 10. Re1 {[%emt 0:01:35] [#]} Qc7 $146 ({Predecessor:} 10... a5 11. Bf1 Nc5 12. h3 Bh7 13. Ne5 Ncd7 14. Nxd7 Nxd7 15. e4 Bf6 16. Bxf6 Qxf6 {0-1 (48) Sayapin,A (2032)-Gazizov,I (2193) Anapa 2007}) 11. Bf1 Rad8 12. Qe2 Rfe8 13. g3 Bg4 14. h3 Bh5 15. Bg2 e5 {[%emt 0:05:54] [#] Strongly threatening ...e4.} 16. g4 Bg6 17. e4 d4 18. Nf1 Nf8 19. Bc1 Ne6 20. Ng3 Nd7 21. h4 c5 22. Bh3 Nf4 23. Qf1 b5 24. Nf5 Bf8 25. g5 h5 26. Ng3 (26. Bxf4 $15 exf4 27. a4) 26... Nxh3+ $17 27. Qxh3 c4 28. Qf1 cxb3 29. cxb3 Qc3 30. Bd2 Qxb3 31. Reb1 Qa4 32. Ne1 Nc5 ({Inferior is} 32... Bxa3 33. Bb4 Qxb4 34. Rxb4 Bxb4 35. Rxa7 $11) 33. Rb4 Qa6 34. Qe2 Rb8 35. Nxh5 Qe6 {[%emt 0:00:06] aiming for ...a5.} 36. Rab1 Bxh5 37. Qxh5 Qh3 (37... a6 $17 {Threatens to win with ...Qh3.} 38. f3 Rbc8) 38. Rxb5 $11 Rxb5 39. Rxb5 Nxd3 40. Rb3 {[%emt 0:03:48] Chess con chili.} ({Reject} 40. Rb7 g6 41. Qf3 Qxf3 42. Nxf3 Nc5 43. Rxa7 Nxe4 $15) 40... g6 (40... Nf4 $5 41. Rxh3 Nxh5 $11) 41. Qe2 ({Avoid the trap} 41. Rxd3 $2 Qxd3 42. Nxd3 gxh5 $19) 41... Nc1 {[%emt 0:00:29][%cal Rc1e2] [#]} 42. Rxh3 Nxe2+ 43. Kf1 Nf4 44. Rb3 Ne6 45. Nd3 Nc5 46. Nxc5 Bxc5 $14 {[%emt 0:00:05][%mdl 4096] Endgame KRB-KRB} 47. Ke2 ({White should play} 47. a4 $14) 47... Kg7 ({Better is} 47... Bd6 $11) 48. Kf3 ({White should try} 48. a4 $14) 48... Re6 49. Rb5 Rc6 50. Bb4 Bxb4 51. axb4 $11 {[%emt 0:00:01] KR-KR} Re6 $1 52. Ke2 Re7 53. Rd5 Rb7 (53... a6 $11 {remains equal.}) 54. Rxe5 $16 {[%emt 0:01:17] Hoping for b5.} Rxb4 55. f4 (55. Rd5 $16) 55... Rb3 $11 {[%emt 0:01:29] The position is equal.} 56. Kf2 Re3 57. Re7 Kf8 58. Rxa7 Rxe4 59. Kf3 Re3+ 60. Kg4 Re1 61. Rd7 Rd1 62. Kf3 d3 63. Ke3 Re1+ 64. Kf2 Re2+ 65. Kf3 Rd2 66. Ke3 Rh2 67. Kxd3 Rxh4 68. Ke4 Rh1 69. Ra7 Re1+ 70. Kf3 Rf1+ 71. Ke4 Re1+ 72. Kf3 Rf1+ 73. Ke4 Re1+ {[%emt 0:00:27] Weighted Error Value: White=0.13 (very precise) /Black=0.13 (very precise)} 1/2-1/2

[Event "USA Championship Women 2022"]
[Site "Saint Louis"]
[Date "2022.10.18"]
[Round "12.2"]
[White "Zatonskih, Anna"]
[Black "Paikidze, Nazi"]
[Result "1/2-1/2"]
[ECO "E32"]
[WhiteElo "2368"]
[BlackElo "2354"]
[Annotator "TA"]
[PlyCount "90"]
[EventDate "2022.09.05"]
[EventType "tourn"]
[EventCountry "USA"]
[SourceTitle "playchess.com"]
[Source "ChessBase"]
[SourceQuality "1"]
[TimeControl "40/5400+30:1800+30"]

1. d4 Nf6 2. c4 e6 3. Nc3 Bb4 4. Qc2 O-O 5. a3 Bxc3+ 6. Qxc3 d6 7. g3 Re8 8. Bg2 e5 9. Nf3 Qe7 10. O-O {[%emt 0:12:01] E32: Nimzo-Indian: Classical (4 Qc2): 4...0-0.} a5 11. dxe5 dxe5 {[%emt 0:00:00] [#]} 12. Bg5 $146 ({Predecessor:} 12. b3 Nc6 13. Bb2 Bg4 14. h3 Bf5 15. Rad1 Qc5 16. Kh2 h6 17. Ne1 Qb6 18. Nc2 {1-0 (51) Ippolito,D (2477)-Arnold,M (2505) Lubbock 2011}) 12... Nc6 13. Nd2 Bg4 14. Bxc6 (14. e3 $1 $14) 14... bxc6 $11 15. Qe3 e4 16. f3 {[%emt 0:00:14] [#] Threatens to win with Bxf6.} exf3 (16... Bh3 {with more complications.} 17. Rfe1 Bf5 18. Qc3 a4) 17. Qxe7 Rxe7 (17... f2+ $5 18. Rxf2 Rxe7 $11) 18. exf3 Bf5 19. Rfe1 Rd7 20. Nb3 Rd3 21. Re3 h6 (21... Nd7 $11) 22. Rxd3 $14 Bxd3 23. Bxf6 gxf6 {[%emt 0:00:31][%mdl 4096] Endgame KRB-KRN} 24. Rc1 h5 ({Better is} 24... a4 $14 25. Nc5 Bf5) 25. Rc3 Bf5 26. Nd4 Bd7 27. c5 Rd8 28. Rc2 {[%emt 0:05:11] White is more active.} Be6 ({Black should play} 28... Kg7) 29. Rd2 (29. Nxc6 $16 Rd1+ 30. Kf2) 29... a4 30. Kf2 Rd5 31. f4 Rxc5 32. Rc2 Rxc2+ 33. Nxc2 $11 {[%emt 0:00:34] KB-KN} c5 {[%emt 0:00:39] [#] Prevents Nb4.} (33... Kf8 $1 $11 {keeps the balance.}) 34. Ne3 (34. Ne1 $1 $16) 34... f5 $1 {[%emt 0:00:35] The position is equal.} 35. Ke2 Kf8 36. Kd3 Ke7 37. Nd1 Kd6 38. Nc3 Bb3 39. Nb5+ Kc6 40. Nc3 Kd6 41. Ke3 Bc2 42. Kd2 Bb3 43. Ke3 Bc2 44. Kd2 Bb3 45. Ke3 Bc2 {[%emt 0:00:03] Weighted Error Value: White=0.15 (very precise) /Black=0.17 (very precise)} 1/2-1/2

[Event "USA Championship Women 2022"]
[Site "Saint Louis"]
[Date "2022.10.18"]
[Round "12.3"]
[White "Abrahamyan, Tatev"]
[Black "Wu, Rochelle"]
[Result "1-0"]
[ECO "B65"]
[WhiteElo "2308"]
[BlackElo "2317"]
[Annotator "TA"]
[PlyCount "75"]
[EventDate "2022.09.05"]
[EventType "tourn"]
[EventCountry "USA"]
[SourceTitle "playchess.com"]
[Source "ChessBase"]
[SourceQuality "1"]
[TimeControl "40/5400+30:1800+30"]

1. e4 c5 2. Nf3 d6 3. d4 cxd4 4. Nxd4 Nf6 5. Nc3 Nc6 6. Bg5 e6 7. Qd3 Be7 8. O-O-O Nxd4 9. Qxd4 O-O 10. f4 Qa5 11. Kb1 h6 12. h4 Rd8 {[%emt 0:22:16] B65: Sicilian: Richter-Rauzer: 7...Be7 8 0-0-0 0-0 9 f4 Nxd4.} 13. Bd3 {[%emt 0:12:27][%cal Od4e3] Against b5} e5 14. Qf2 {[%emt 0:07:16] [#] Bxf6 is the strong threat.} exf4 {[%emt 0:09:24] White is slightly better.} (14... hxg5 $2 15. hxg5 exf4 16. Nd5 $18 (16. Qh4 Kf8 $16)) 15. Bxf4 Be6 {[%emt 0:03:25] [#]} 16. Rhe1 $146 ({Predecessor:} 16. Qe1 b6 17. a3 Rac8 18. Nd5 Bxd5 19. Bd2 Ba2+ 20. Kxa2 Qe5 21. Bc3 Qe6+ 22. Kb1 {½-½ (30) Poetz,F (2254)-Weiner,J (2128) ICCF email 2013}) 16... Ng4 17. Qg3 Bf6 18. Nd5 {[%emt 0:03:17] Hoping for Be2.} Bxd5 19. exd5 Qb4 20. Bc1 {[%emt 0:01:35] This bishop pair is nice.} Ne5 $2 {[%emt 0:02:55] This costs Black the game.} (20... Be5 $1 $14 21. Qf3 Nf6) 21. Re4 $18 Qa5 {[%emt 0:03:06] [#]} (21... Qc5 22. Rf1 Nxd3) 22. Rf1 $1 Nxd3 23. cxd3 {[%emt 0:08:24] Rxf6 would kill now.} Rac8 24. Rxf6 $1 {[%emt 0:00:34] Intending Bxh6 and mate.} Rxc1+ 25. Kxc1 {[%emt 0:00:03][%cal Bb1c1,Bc1c2,Bc2d2,Bd2e1,Be1e2,Be2e3,Be3e4,Be4f3][%mdl 32] Strongly threatening Rg4.} Qxa2 26. Rf2 Qa1+ 27. Kc2 Rc8+ 28. Rc4 Qa4+ 29. Kd2 Qa5+ 30. Rc3 Qb4 31. Ke1 Rxc3 32. bxc3 Qxc3+ 33. Ke2 Qc2+ 34. Ke3 Qc5+ {[%emt 0:00:07] White is clearly winning.} 35. Ke4 Qb4+ 36. Kf3 a5 37. Qf4 Qb3 38. Qc4 {[%emt 0:00:18] Weighted Error Value: White=0.26 (precise) /Black=0.47} 1-0

[Event "USA Championship Women 2022"]
[Site "Saint Louis"]
[Date "2022.10.18"]
[Round "12.4"]
[White "Eswaran, Ashritha"]
[Black "Yan, Ruiyang"]
[Result "0-1"]
[ECO "D32"]
[WhiteElo "2365"]
[BlackElo "2220"]
[Annotator "TA"]
[PlyCount "116"]
[EventDate "2022.09.05"]
[EventType "tourn"]
[EventCountry "USA"]
[SourceTitle "playchess.com"]
[Source "ChessBase"]
[SourceQuality "1"]
[TimeControl "40/5400+30:1800+30"]

1. Nf3 Nf6 2. c4 e6 3. Nc3 d5 4. e3 c5 5. cxd5 exd5 6. d4 Nc6 7. Bb5 a6 8. Bxc6+ bxc6 9. dxc5 Bxc5 10. h3 O-O 11. O-O Bd6 {[%emt 0:01:38] D32: Tarrasch Defence: Sidelines and lines without g3.} 12. b3 {[%emt 0:01:19] [#]} c5 $146 ({Predecessor:} 12... Bb8 13. Bb2 Qd6 14. Na4 Nd7 15. Rc1 Bb7 16. e4 dxe4 17. Qxd6 Bxd6 18. Rfd1 Bf4 19. Rc4 exf3 20. Rxf4 {1-0 (38) Vakhidov,J (2546)-Jamroz,K (2103) London 2015}) 13. Ba3 (13. Nxd5 $2 Nxd5 14. e4 (14. Qxd5 $2 Bh2+ 15. Kxh2 Qxd5 $19) 14... Nc7 $19) 13... Bb7 {[%emt 0:03:43] Black is slightly better.} 14. Na4 Qe7 15. Rc1 Ne4 16. Nd2 {[%emt 0:09:45] Pair of Knights!} (16. Nb6 Rad8 $15) 16... d4 ({Much less strong is} 16... Qe5 17. f4 Qe6 18. Nxe4 Qxe4 19. Qd2 $16) 17. Nc4 (17. exd4 $11 cxd4 18. Bxd6 Qxd6 19. Nxe4 Bxe4 20. Nc5) 17... dxe3 $17 {[%emt 0:03:22] Black is more active.} 18. Nxe3 Rad8 $1 {[%emt 0:07:38][%cal Oe4f2] Threatens to win with ...Nxf2!} ({Weaker is} 18... Qe5 19. f4 Qe6 20. Nc4 $11) 19. Qe2 Qe5 {[%emt 0:03:34][%csl Gd6][%cal Re5h2] Against Nf5} 20. Ng4 {[%emt 0:01:13] [#] Against Qh2+. This costs White the game.} (20. f4 $17 {was forced.} Qf6 21. Qf3) 20... Qg5 $1 $19 21. Rc2 f5 22. Nh2 {[%emt 0:05:19] [#]} (22. Nxc5 {was the crucial defense.} Nxc5 23. Bxc5 fxg4 24. Qxg4 Qxg4 25. hxg4) 22... Nd2 $1 23. f4 Bxf4 24. Rxf4 Qxf4 25. Nxc5 (25. Bc1 $142 Qd4+ 26. Qf2) 25... Qd4+ $2 (25... Rfe8 26. Qf2 {[#]} Nf3+ $1 27. gxf3 Rd1+ 28. Nf1 Ree1) 26. Qf2 Qxf2+ 27. Kxf2 Ne4+ 28. Nxe4 Bxe4 29. Rb2 Rfe8 30. Bc5 Rd1 31. Nf1 Bd3 32. Ne3 Rc1 33. Bd6 g5 {[%emt 0:03:54] aiming for ...f4.} 34. Rd2 f4 35. Nd1 Rc2 36. Rxc2 Bxc2 {[%emt 0:00:04][%mdl 4096] Endgame KRB-KBN} 37. Nc3 Rd8 38. Be7 Rd2+ 39. Kg1 h6 40. b4 (40. Bf6 $142) 40... Kf7 41. Bc5 h5 42. Kf1 g4 43. hxg4 hxg4 {[%emt 0:00:09] Hoping for ...Bd3+.} 44. a4 Bd3+ 45. Ke1 Rxg2 {[%emt 0:00:19] ...Rc2 is the strong threat.} 46. b5 axb5 {[%emt 0:00:54] Black mates.} 47. axb5 Ke6 48. b6 Ba6 49. Bd4 g3 50. Nb1 Kd5 51. b7 Bxb7 52. Ba7 f3 53. Nd2 f2+ 54. Kf1 Rg1+ 55. Ke2 Ke6 56. Bd4 Re1+ 57. Kd3 f1=Q+ 58. Nxf1 Rxf1 {[%emt 0:00:00] Weighted Error Value: White=0.84/Black=0.30} 0-1

[Event "USA Championship Women 2022"]
[Site "Saint Louis"]
[Date "2022.10.18"]
[Round "12.5"]
[White "Tokhirjonova, Gulrukhbegim"]
[Black "Cervantes Landeiro, Thalia"]
[Result "0-1"]
[ECO "D76"]
[WhiteElo "2336"]
[BlackElo "2272"]
[Annotator "TA"]
[PlyCount "100"]
[EventDate "2022.09.05"]
[EventType "tourn"]
[EventCountry "USA"]
[SourceTitle "playchess.com"]
[Source "ChessBase"]
[SourceQuality "1"]
[TimeControl "40/5400+30:1800+30"]

1. Nf3 Nf6 2. g3 g6 3. Bg2 Bg7 4. c4 O-O 5. O-O d5 6. cxd5 Nxd5 7. d4 Nb6 8. Nc3 Nc6 9. e3 a5 10. Nh4 {[%emt 0:06:53] 10.d5 is becoming the main line. D76: Fianchetto Grünfeld: Main Line with 7...Nb6.} a4 11. Rb1 Bd7 {[%emt 0:03:22] [#]} 12. f4 $146 {[%emt 0:00:51] The position is equal.} ({Predecessor:} 12. Qe2 Qc8 13. Rd1 Rd8 14. Bd2 Bg4 15. Bf3 Bxf3 16. Qxf3 f5 17. Be1 e5 18. dxe5 {½-½ (55) Yaksin,O (2377)-Khripachenko,A (2210) Tuapse 2021}) 12... Qc8 13. Nf3 Rd8 14. Qe2 Bf5 15. Ra1 h6 (15... Nb4 $15) 16. Bd2 $11 a3 17. b3 Nb4 18. Rfd1 (18. Ne5 $16) 18... Bd3 19. Qf2 Bc2 $1 20. Rf1 c5 (20... Nd3 $5 21. Qe2 $8 c5 $11) 21. Ne5 (21. Na4 $11 Nxa4 22. Bxb4 cxb4 23. Rfc1) 21... Nd3 $36 {[%emt 0:06:33][%mdl 2048] Black fights for an advantage.} 22. Nxd3 cxd4 (22... Bxd3 $17 23. Rfc1 cxd4) 23. Ne2 (23. Na4 $1 $15 Nxa4 24. Ne5) 23... Bxd3 24. Rfc1 {[%emt 0:00:50] Inhibits Qc2.} (24. Rac1 $17 Qe6 25. Rfd1) 24... dxe3 $19 25. Bxe3 Qe6 (25... Bxa1 $19 26. Bxb6 (26. Rxc8 Raxc8 27. Bxb6 Rd6 $17) 26... Qe6 27. Rxa1 Bxe2 28. Bxb7 (28. Bxd8 Rxd8 29. Bxb7 Rd1+ 30. Rxd1 Bxd1 $17) 28... Rab8 29. Bxd8 Rxd8) 26. Bxb6 {[%emt 0:08:15] This costs White the game.} (26. f5 $17 gxf5 27. Nf4 Qxe3 28. Qxe3) 26... Bxe2 (26... Bxa1 27. Rxa1 Bxe2 28. Bxd8 Rxd8 29. Re1 $17) 27. Bxb7 {[%emt 0:08:36] [#]} Rab8 {[%emt 0:04:41][%cal Ba8b8,Bb8d8,Bd8d2][%mdl 32] White must now prevent ...Rd2.} 28. Bxd8 (28. Re1 Rd2 29. Be3) 28... Rxd8 ({And not} 28... Bxa1 29. Ba5 $15) 29. Kh1 Bxa1 30. Rxa1 Rd2 31. Bg2 Qf6 32. Re1 Qb2 33. Qc5 Bg4 34. Bd5 {[%emt 0:00:31] [#]} Rxd5 $1 35. Qxd5 {[%emt 0:00:23][%mdl 4096] Endgame [#] KQR-KQB} Qf2 $1 36. Qe4 Bf3+ 37. Qxf3 Qxf3+ {[%emt 0:00:09] KQ-KR} 38. Kg1 Qc3 39. Re2 Qd3 40. Kf2 e6 41. Ke1 h5 42. Rd2 Qe4+ 43. Re2 Qd4 44. Kf1 h4 45. Kg2 hxg3 46. hxg3 f6 47. Kf3 Kf7 {[%emt 0:00:00] Hoping for ...Qd3+.} 48. Re4 Qd3+ {[%emt 0:00:00] Black mates.} 49. Re3 Qf1+ 50. Ke4 Qb1+ {[%emt 0:00:00] Weighted Error Value: White=0.77/Black=0.27 (precise)} (50... Qg2+ $142 51. Kd3 Qxa2 52. b4 Qb3+ 53. Ke2 Qxb4 54. Rd3 Qe4+ 55. Re3 Qg2+ 56. Kd3 Qf1+ 57. Kd2 Qf2+ 58. Re2 Qd4+ 59. Kc2 a2 60. Re1 Qf2+ 61. Kb3 Qxe1 62. Kxa2 Qc3 63. f5 exf5 64. Kb1 Qd2 65. Ka1 Ke6 66. g4 fxg4 67. Kb1 g3 68. Ka1 g2 69. Kb1 g1=Q#) 0-1

[Event "USA Championship Women 2022"]
[Site "Saint Louis"]
[Date "2022.10.18"]
[Round "12.6"]
[White "Yu, Jennifer"]
[Black "Krush, Irina"]
[Result "0-1"]
[ECO "E76"]
[WhiteElo "2297"]
[BlackElo "2432"]
[Annotator "TA"]
[PlyCount "76"]
[EventDate "2022.09.05"]
[EventType "tourn"]
[EventCountry "USA"]
[SourceTitle "playchess.com"]
[Source "ChessBase"]
[SourceQuality "1"]
[TimeControl "40/5400+30:1800+30"]

1. d4 Nf6 2. c4 c5 3. d5 g6 4. Nc3 Bg7 5. e4 d6 6. f4 O-O 7. Nf3 e6 8. dxe6 fxe6 9. Be2 {[%emt 0:01:28] E76: King's Indian: Four Pawns Attack: Lines specific to 6 Nf3 move-order.} Nc6 10. O-O b6 {[%emt 0:12:57] [#]} 11. Ne1 $146 ({White should try} 11. Ng5 $11) ({Predecessor:} 11. Kh1 Bb7 12. Be3 Qd7 13. Qd2 Ne7 14. Bd3 d5 15. e5 Ng4 16. Bg1 Bh6 17. Ne2 {0-1 (62) Dubov,D (2660)-Pichot,A (2544) Doha 2016}) 11... Bb7 $15 12. Be3 Nd4 13. Bd3 Qe7 14. Nc2 Nd7 15. Rb1 Rf7 {[%emt 0:03:46] Black is more active.} 16. Qd2 Raf8 17. Rbe1 e5 18. Nd5 (18. f5 $1 $11 {keeps the balance.}) 18... Bxd5 $17 19. exd5 Nxc2 20. Bxc2 {[%emt 0:09:06] [#]} exf4 $1 21. Rxf4 Rxf4 (21... Bxb2 $142 {Threatens to win with ...Rxf4.} 22. Rxf7 Qxf7) 22. Bxf4 Bd4+ 23. Kh1 Qf6 ({Reject} 23... Rxf4 24. g3 Rf7 25. Rxe7 Rxe7 26. Bd1 $11) 24. g3 Ne5 {[%emt 0:01:06] White must now prevent ...Nf3.} 25. Qe2 {[%emt 0:05:57] Prevents Nf3.} Bxb2 26. h4 Bd4 $36 {[%emt 0:03:29][%mdl 2048] Black is pushing.} 27. Kg2 Qe7 28. Rf1 Qd7 29. Bxe5 Re8 {[%emt 0:03:56] [#]} (29... Bxe5 $15 {stays ahead.} 30. Rxf8+ Kxf8) 30. Qf3 $1 $16 {[%emt 0:00:39][%cal Oc2a4] Ba4! is the strong threat.} Bxe5 31. Ba4 $2 {[%emt 0:00:15][%mdl 8192] This costs White the game.} Qxa4 $19 32. Qf7+ Kh8 33. h5 gxh5 {[%emt 0:02:16] Strongly threatening ...Rg8.} 34. Rf5 Bd4 35. Rg5 {[%emt 0:03:39] Inhibits Rg8.} Qc2+ 36. Kh3 Qe4 37. Rxh5 Qh1+ 38. Kg4 Re4+ {[%emt 0:00:38] Weighted Error Value: White=0.81/Black=0.26 (precise)} 0-1

[Event "USA Championship Women 2022"]
[Site "Saint Louis"]
[Date "2022.10.18"]
[Round "12.7"]
[White "Lee, Megan"]
[Black "Morris-Suzuki, Sophie"]
[Result "0-1"]
[ECO "B33"]
[WhiteElo "2226"]
[BlackElo "2126"]
[Annotator "TA"]
[PlyCount "120"]
[EventDate "2022.09.05"]
[EventType "tourn"]
[EventCountry "USA"]
[SourceTitle "playchess.com"]
[Source "ChessBase"]
[SourceQuality "1"]
[TimeControl "40/5400+30:1800+30"]

1. e4 c5 2. Nf3 Nc6 3. d4 cxd4 4. Nxd4 Qb6 5. Nb3 Nf6 6. Nc3 e6 7. Be3 Qc7 8. a3 a6 9. f4 d6 10. Be2 b5 11. Bf3 Bb7 12. Qe2 {[%emt 0:02:38] B33: Sicilian: Pelikan and Sveshnikov Variations.} Be7 13. Qf2 O-O 14. O-O {[%emt 0:02:11] The position is equal.} Nd7 15. Rad1 Bf6 {[%emt 0:06:39] [#]} 16. Nb1 $146 ({Predecessor:} 16. Qd2 Nb6 17. Bxb6 Qxb6+ 18. Kh1 Rfd8 19. g4 g5 20. Bg2 h6 21. Rf3 Rac8 22. h4 gxh4 {0-1 (38) Ketola,V (2136)-Pudas,T (2201) Finland 2010}) 16... a5 (16... Bxb2 $2 17. c3 $18) 17. c3 e5 18. f5 a4 19. Nc1 Na5 20. Nd2 Nc5 {[%emt 0:04:36] Inhibits Nd3.} 21. g4 Qe7 22. Be2 (22. Qe2 $11) 22... Nxe4 $17 {[%emt 0:05:16] Black is more active.} 23. Nxe4 Bxe4 24. Bxb5 Rab8 25. Ba6 Ra8 (25... Bh4 $17 26. Qd2 Qc7) 26. Bd3 (26. Bb5 $1 $11 {remains equal.}) 26... Bb7 27. Na2 Rfc8 28. Nb4 d5 29. Qg3 h6 {[%emt 0:02:49] Against g5} 30. Bf2 Rd8 31. Rfe1 Nc4 32. Re2 e4 {[%emt 0:00:02] Threatens to win with ...Be5.} 33. Bxc4 dxc4 34. Bd4 ({White should try} 34. Rde1) 34... Bg5 35. Rf1 {[%emt 0:01:30][%cal Of5f6] [#]} e3 $1 {[%emt 0:00:59] White must now prevent ...Qe4.} 36. Bxe3 $2 {[%emt 0:00:44] Now White is beyond hope.} (36. h3 $17) 36... Re8 $19 37. Nc2 ({Much worse is} 37. Rfe1 Bh4 38. Qf4 Bxe1 39. Rxe1 Qh4) 37... Rad8 {[%emt 0:00:41] Against Rd1} ({Don't go for} 37... Qe4 $2 38. h4 Qh1+ 39. Kf2 Bxh4 40. Rxh1 $19) 38. Bxg5 Qxe2 39. Bxd8 {[%emt 0:00:06] Strongly threatening Re1.} Qxc2 ({Inferior is} 39... Rxd8 40. Nd4 Qxb2 41. f6 $17) 40. Bb6 {[%emt 0:00:41] Prevents Re3.} Qxb2 41. Bf2 Qxa3 42. f6 $2 (42. g5 hxg5 43. f6) 42... gxf6 43. Bd4 $2 (43. h4) 43... Qe7 44. h4 a3 {[%emt 0:04:00] Hoping for ...Qe2.} 45. Ra1 Qe2 46. g5 Kh7 (46... Re4 $142 47. Qb8+ Kh7 48. Qg3 Rg4 49. Qxg4 Qxg4+ 50. Kf2 Qf3+ 51. Ke1 Qh1+ 52. Ke2 Qxa1 53. Bxf6 a2 54. h5 hxg5 55. Bxg5 Qxc3 56. Bf6 Qxf6 57. Kd2 a1=Q 58. Ke2 Qf3+ 59. Kd2 Qf2#) 47. Rf1 {[%emt 0:01:02] [#]} (47. g6+ $19 fxg6 48. Bxf6) 47... a2 48. Ra1 Re4 49. Rxa2 Qd1+ 50. Kh2 Rg4 51. g6+ Rxg6 52. Qxg6+ Kxg6 53. Rf2 Qh1+ 54. Kg3 Qg1+ 55. Kf4 f5 56. h5+ Kxh5 57. Ke5 Qe1+ (57... Qg3+ $142 58. Rf4 Kg6 59. Kd6 Qxf4+ 60. Kc5 Qc7+ 61. Kb4 Ba6 62. Ka3 Qb7 63. Bb6 Qxb6 64. Ka2 h5 65. Ka1 Bb7 66. Ka2 Be4 67. Ka3 Qb3#) 58. Kxf5 Qe6+ {[%emt 0:00:49] Black mates.} 59. Kf4 Qe4+ 60. Kg3 Qh4# {[%emt 0:00:09] Weighted Error Value: White=0.67/Black=0.31} 0-1